 Dungeon Crawl Stone Soup version bcrawl-1.40.3b (webtiles) character file.

Game seed: 1727369467799881188

522762 Amelense the Grappler (level 9, -7/83 HPs)
             Began as a Troll Martial Artist on Feb 8, 2024.
             Was a High Priest of Wu Jian.
             Mangled by a yak (12 damage)
             ... on level 7 of the Dungeon.
             The game lasted 00:18:59 (3629 turns).

Amelense the Grappler (Troll Martial Artist)        Turns: 3629, Time: 00:19:00

Health: -7/83      AC:  8    Str: 25    XL:     9   Next: 88%
Magic:  9/9        EV: 16    Int:  4    God:    Wu Jian [*****.]
Gold:   460        SH:  0    Dex: 17    Spells: 8/10 levels left

rFire    . . .     GDR:     32%   - Claws (34.1)
rCold    . . .     SeeInvis .   (no shield)
rNeg     . . .     Gourm    +   (armour unavailable)
rPois    .         Faith    .   (helmet restricted)
rElec    +         Spirit   .   (no cloak)
rCorr    .         Reflect  .   (gloves unavailable)
MR       .....                  (boots unavailable)
Stlth    +++.......             k - amulet "Ymnait" {Inacc +Fly rElec Int-2}
HPRegen  0.63/turn              (no ring)
MPRegen  0.11/turn              (no ring)

@: agile, flying, serpent's lash
A: large, almost no armour, claws 3, fast metabolism 3, gourmand, regeneration
1, AC +8
a: Wall Jump, Serpent's Lash, Heavenly Storm, Renounce Religion, Stop Flying


You were on level 7 of the Dungeon.
You worshipped Wu Jian.
Wu Jian was extremely pleased with you.
You were very full.

You visited 1 branch of the dungeon, and saw 7 of its levels.

You collected 460 gold pieces.

Inventory:

Missiles
 f - a throwing net {=f}
 g - 17 needles of confusion
Armour
 t - a +1 helmet
Jewellery
 k - the amulet "Ymnait" (around neck) {Inacc +Fly rElec Int-2}
   (You found it on level 4 of the Dungeon)

   [amulet of inaccuracy]

   It reduces the accuracy of all your attacks.
   It affects your intelligence (-2).
   It insulates you from electricity.
   It lets you fly.
Wands
 q - a wand of paralysis (18)
 r - a wand of iceblast (9)
Scrolls
 b - 2 scrolls of remove curse
 d - a scroll of teleportation {unknown}
 h - 2 scrolls of enchant weapon
 i - 5 scrolls of identify
 j - a scroll of revelation
 l - 2 scrolls of immolation {unknown}
 m - a scroll of vulnerability {unknown}
 n - 2 scrolls of enchant armour {unknown}
Potions
 a - 2 potions of agility
 o - a potion of lignification {unknown}
 p - a potion of flight {unknown}
 s - a potion of heal wounds {unknown}
 u - a potion of curing
Comestibles
 e - 6 rations {!d}


   Skills:
 + Level 3.4 Fighting
 - Level 2.4 Dodging
 - Level 0.4 Stealth
 * Level 13.8 Unarmed Combat
 - Level 1.0 Spellcasting
 + Level 1.0 Hexes


You had 8 spell levels left.
You knew the following spells:

 Your Spells              Type           Power        Failure   Level  Hunger
a - Confusing Touch       Hex            #.......     34%         1    None
b - Beastly Appendage     Tmut           #.....       45%         1    None

Your spell library contained the following spells:

 Spells                   Type           Power        Failure   Level  Hunger
 Passwall                 Tmut/Erth      #.......     61%         2    ###....
 Sticks to Snakes         Tmut           #.......     61%         2    ###....
 Spider Form              Tmut/Pois      #..          83%         3    #####..
 Ice Form                 Ice/Tmut       #.......     99%         4    ######.
 Blade Hands              Tmut           #.........   100%        5    #######


Dungeon Overview and Level Annotations

Branches:
Dungeon (7/12)             Temple (0/1) D:6            Lair (0/6) D:7

Altars:
Ashenzari
Gozag
Lugonu
Okawaru
Vehumet
Zin


Innate Abilities, Weirdness & Mutations

You cannot wear most types of armour.
Your thick skin is tough. (AC +8)
You are too large for most types of armour.
You have claws for hands.
Your metabolism is lightning-fast.
You like to eat raw meat.
Your natural rate of healing is unusually fast.


Message History

You barely miss the porcupine.
The porcupine bites you but does no damage.
The porcupine barely misses you.
The basilisk bites the plant!
The porcupine bites you but does no damage.
The basilisk barely misses you.
Your muscles tense, ready for explosive movement...
You feel agile all of a sudden. The porcupine completely misses you.
A yak comes into view.
The yak gores you!
* * * LOW HITPOINT WARNING * * *
The porcupine closely misses you. The porcupine bites you.
* * * LOW HITPOINT WARNING * * *
The basilisk bites the plant.
The basilisk bites you.
* * * LOW HITPOINT WARNING * * *
The porcupine misses you.
The yak moves out of view.
You claw the porcupine!
The porcupine is severely wounded.
The yak gores you!
You die...

..♣. $P... ......
P......P >.......
...PP..P####
.....P♣lr@r#
[..P...tlrY#
.....P.#.t.##
♣.P.....†...###
♣.PP....†...#.##
.P..........<..#
.........#....##
#.....####.....###
#.....
##......#.###


You could see a yak, 2 basilisks, 2 crocodiles and 3 porcupines.

Vanquished Creatures
  Pikel (D:6)
  A troll (D:5)
  A hippogriff (D:6)
  A shadow (D:5)
  Eustachio (D:5)
  A basilisk (D:7)
  2 yaks
  2 porcupines (D:7)
  A sky beast (D:4)
  An orc warrior (D:5)
  A slave (D:6)
  2 ogres
  2 bullfrogs
  A gnoll sergeant (D:6)
  A centaur (D:4)
  A scorpion (D:3)
  3 orc priests (D:5)
  6 crimson imps
  A bullfrog zombie (D:5)
  A jelly (D:6)
  3 hounds (D:5)
  6 orc wizards
  3 iguanas
  5 worker ants
  Natasha (twice) (D:4)
  A hound zombie (D:6)
  2 hound skeletons (D:6)
  A howler monkey zombie (D:5)
  A worker ant zombie (D:5)
  5 gnolls
  5 adders
  A shadow imp (D:3)
  An ooze (D:7)
  An adder zombie (D:5)
  An adder skeleton (D:6)
  2 worms (D:3)
  A dart slug (D:1)
  2 leopard geckos (D:5)
  33 orcs
  4 giant cockroaches
  7 goblins
  6 hobgoblins
  4 jackals
  5 kobolds
  5 quokkas
  3 bats (D:1)
  A frilled lizard (D:5)
  A quokka skeleton (D:5)
  5 rats
148 creatures vanquished.

Vanquished Creatures (others)
  A centaur (D:6)
1 creature vanquished.

Grand Total: 149 creatures vanquished

Notes
Turn   | Place    | Note
-------+----------+-------------------------------------------
     0 | D:1      | Amelense the Troll Martial Artist began the quest for the
                  | Orb.
     0 | D:1      | Reached XP level 1. HP: 22/22 MP: 1/1
   106 | D:1      | Reached XP level 2. HP: 26/29 MP: 2/2
   460 | D:2      | Reached ** piety under Wu Jian
   487 | D:3      | Noticed an ogre
   492 | D:3      | Reached XP level 3. HP: 36/36 MP: 3/3
   499 | D:3      | Killed an ogre
   500 | D:3      | Reached skill level 5 in Unarmed Combat
   500 | D:3      | Gained mutation: Your natural rate of healing is unusually
                  | fast. [Troll growth]
   500 | D:3      | Reached XP level 4. HP: 25/44 MP: 4/4
   599 | D:3      | Reached skill level 6 in Unarmed Combat
   634 | D:3      | Reached XP level 5. HP: 47/52 MP: 5/5
   831 | D:3      | Found a glowing silver altar of Zin.
  1037 | D:4      | Found an opulent altar of Gozag.
  1075 | D:4      | Noticed a sky beast
  1089 | D:4      | Killed a sky beast
  1090 | D:4      | Reached skill level 7 in Unarmed Combat
  1090 | D:4      | Reached XP level 6. HP: 59/59 MP: 6/6
  1095 | D:4      | Got a transparent ivory amulet
  1097 | D:4      | Identified the amulet "Ymnait" {Inacc +Fly rElec Int-2}
                  | (You found it on level 4 of the Dungeon)
  1260 | D:4      | Noticed Natasha
  1264 | D:4      | Killed Natasha
  1265 | D:4      | Reached skill level 8 in Unarmed Combat
  1331 | D:4      | Noticed Natasha
  1334 | D:4      | Killed Natasha
  1335 | D:4      | Reached XP level 7. HP: 67/67 MP: 7/7
  1498 | D:5      | Entered Level 5 of the Dungeon
  1600 | D:5      | Found a radiant altar of Vehumet.
  1600 | D:5      | Found a corrupted altar of Lugonu.
  1603 | D:5      | Noticed a yak
  1606 | D:5      | Found a transporter.
  1619 | D:5      | Found a transporter.
  1688 | D:5      | Reached skill level 9 in Unarmed Combat
  1688 | D:5      | Reached *** piety under Wu Jian
  1722 | D:5      | Noticed Eustachio
  1726 | D:5      | Killed Eustachio
  1799 | D:5      | Reached XP level 8. HP: 74/75 MP: 8/8
  1845 | D:5      | Reached skill level 10 in Unarmed Combat
  1994 | D:5      | Noticed a troll
  2004 | D:5      | Killed a troll
  2005 | D:5      | Reached skill level 11 in Unarmed Combat
  2214 | D:5      | Reached **** piety under Wu Jian
  2239 | D:5      | Reached XP level 9. HP: 79/83 MP: 9/9
  2367 | D:5      | Learned a level 1 spell: Beastly Appendage
  2405 | D:5      | Reached skill level 12 in Unarmed Combat
  2636 | D:5      | Found an iron altar of Okawaru.
  2841 | D:6      | Found a staircase to the Ecumenical Temple.
  2857 | D:6      | Noticed Pikel
  2876 | D:6      | Killed Pikel
  3017 | D:6      | Found a shattered altar of Ashenzari.
  3173 | D:6      | Reached skill level 13 in Unarmed Combat
  3617 | D:7      | Found a staircase to the Lair.
  3621 | D:7      | Reached ***** piety under Wu Jian
  3629 | D:7      | Mangled by a yak

Skill      XL: |  1  2  3  4  5  6  7  8  9 |
---------------+----------------------------+-----
Unarmed Combat | 5 6 7 8 9 11 13 | 13.8
Fighting       | 3 |  3.4
Dodging        | |  2.4
Stealth        | |  0.4
Spellcasting   | |  1.0
Hexes          | |  1.0

Action                   |  1- 3 |  4- 6 |  7- 9 || total
-------------------------+-------+-------+-------++-------
Melee: Unarmed           |    45 |    81 |   315 ||   441
       Punch             |       |     1 |     7 ||     8
 Cast: Beastly Appendage |       |       |     1 ||     1
 Abil: Whirlwind         |     9 |     4 |   126 ||   139
       Lunge             |    11 |     9 |    31 ||    51
       Wall Jump         |     1 |     1 |     1 ||     3
       Serpent's Lash    |       |     1 |     2 ||     3
       Evoke Flight      |       |       |     1 ||     1
  Use: Potion            |       |       |     3 ||     3
       Scroll            |       |       |     3 ||     3
 Stab: Sleeping          |     2 |     1 |       ||     3
  Eat: Chunk             |     9 |     7 |    21 ||    37
Armor: Skin              |     8 |    18 |    66 ||    92
Dodge: Dodged            |    12 |    24 |   124 ||   160
